| TOP OF THE 1ST |
|
Oakland Athletics batting - Pitching for Detroit Tigers : RHP Bobby Mott
|
|
Pitching: RHP Bobby Mott
|
|
|
Batting: RHB Muneo Kawachi
|
0-0: Ball 1-0: Foul Ball, location: 2F 1-1: Called Strike 1-2: Fly out, F9 (Line Drive, 89S, EV 107.5 MPH)
|
|
Batting: LHB R.J. O'Brien
|
0-0: Called Strike 0-1: Called Strike 0-2: Ball 1-2: Foul Ball, location: 2F 1-2: Fly out, F8 (Flyball, 8RD, EV 91.2 MPH)
|
|
Batting: SHB Jerry Luckwell
|
0-0: SINGLE (Flyball, 7LS, EV 95.6 MPH)
|
|
Batting: LHB Sakae Kasahara
|
0-0: Called Strike 0-1: Ball 1-1: Foul Ball, location: 2F 1-2: Strikes out looking
|
| Top of the 1st over - 0 runs, 1 hit, 0 errors, 1 left on base; Oakland 0 - Detroit 0 |
| BOTTOM OF THE 1ST |
|
Detroit Tigers batting - Pitching for Oakland Athletics : RHP Hunter Vanderhyden
|
|
Pitching: RHP Hunter Vanderhyden
|
|
|
Batting: RHB Rich Stinson
|
0-0: Ground out 4-3 (Groundball, 34, EV 104.4 MPH)
|
|
Batting: LHB Morgan Black
|
0-0: Called Strike 0-1: Foul Ball, location: 2F 0-2: Foul Ball, location: 2F 0-2: Strikes out swinging
|
|
Batting: LHB Frank McConnell
|
0-0: Called Strike 0-1: Called Strike 0-2: Foul Ball, location: 2F 0-2: Ball 1-2: Ball 2-2: Ball 3-2: Base on Balls
|
|
Batting: LHB Tyler Davis
|
0-0: Ball 1-0: Ball 2-0: Called Strike 2-1: Called Strike 2-2: DOUBLE (Line Drive, 9LM, EV 104.4 MPH) Frank McConnell to third Runner from 3rd tries for Home, SAFE, no throw by RF
|
|
Batting: SHB Adam Weber
|
0-0: Ball 1-0: Ball 2-0: Swinging Strike 2-1: Swinging Strike 2-2: Strikes out swinging
|
| Bottom of the 1st over - 1 run, 1 hit, 0 errors, 1 left on base; Oakland 0 - Detroit 1 |
| TOP OF THE 2ND |
|
Oakland Athletics batting - Pitching for Detroit Tigers : RHP Bobby Mott
|
|
Batting: RHB Randy Shrewsbury
|
0-0: Swinging Strike 0-1: Fly out, F6 (Popup, P, EV 74.4 MPH)
|
|
Batting: SHB Quincy Bradford
|
0-0: Foul Ball, location: 2F 0-1: Foul Ball, location: 2F 0-2: Ground out 3-1 (Groundball, 34, EV 76.9 MPH)
|
|
Batting: LHB Tom Butterbaugh
|
0-0: Ground out U3 (Groundball, 3L, EV 80.6 MPH)
|
| Top of the 2nd over - 0 runs, 0 hits, 0 errors, 0 left on base; Oakland 0 - Detroit 1 |
| BOTTOM OF THE 2ND |
|
Detroit Tigers batting - Pitching for Oakland Athletics : RHP Hunter Vanderhyden
|
|
Batting: SHB Ross Holland
|
0-0: Called Strike 0-1: Called Strike 0-2: SINGLE (Groundball, 34D, EV 96.9 MPH)
|
|
Batting: LHB Conrad Taylor
|
0-0: Called Strike 0-1: Ball 1-1: Called Strike 1-2: Foul Ball, location: 2F 1-2: Ball 2-2: Strikes out looking
|
|
Batting: RHB Adrian Novakovic
|
0-0: Called Strike Ross Holland is caught stealing 2nd base 2-4 0-1: Ball 1-1: Called Strike 1-2: Ball 2-2: Foul Ball, location: 2F 2-2: Strikes out swinging
|
| Bottom of the 2nd over - 0 runs, 1 hit, 0 errors, 0 left on base; Oakland 0 - Detroit 1 |
| TOP OF THE 3RD |
|
Oakland Athletics batting - Pitching for Detroit Tigers : RHP Bobby Mott
|
|
Batting: RHB Tommy Baird
|
0-0: Ball 1-0: Called Strike 1-1: Called Strike 1-2: Foul Ball, location: 2F 1-2: Fly out, F9 (Flyball, 9S, EV 90.0 MPH)
|
|
Batting: LHB Al Hernandez
|
0-0: Called Strike 0-1: Fly out, F8 (Flyball, 8RD, EV 101.9 MPH)
|
|
Batting: RHB Muneo Kawachi
|
0-0: Foul Ball, location: 2F 0-1: Ball 1-1: Called Strike 1-2: Strikes out swinging
|
| Top of the 3rd over - 0 runs, 0 hits, 0 errors, 0 left on base; Oakland 0 - Detroit 1 |
| BOTTOM OF THE 3RD |
|
Detroit Tigers batting - Pitching for Oakland Athletics : RHP Hunter Vanderhyden
|
|
Batting: RHB Jerry Jauregui
|
0-0: Ball 1-0: Foul Ball, location: 2F 1-1: Ball 2-1: Ball 3-1: Base on Balls
|
|
Batting: RHB Rich Stinson
|
0-0: Swinging Strike 0-1: Swinging Strike 0-2: Fly out, F9 (Flyball, 89S, EV 82.5 MPH)
|
|
Batting: LHB Morgan Black
|
0-0: Called Strike 0-1: 2-RUN HOME RUN (Flyball, 9LD, EV 95.0 MPH), Distance : 342 ft
|
|
Batting: LHB Frank McConnell
|
0-0: Foul Ball, location: 2F 0-1: Ball 1-1: Called Strike 1-2: Strikes out swinging
|
|
Batting: LHB Tyler Davis
|
0-0: Foul Ball, location: 2F 0-1: Ball 1-1: Ball 2-1: Ball 3-1: Foul Ball, location: 2F 3-2: Base on Balls
|
|
Batting: SHB Adam Weber
|
0-0: Swinging Strike 0-1: Swinging Strike 0-2: Foul Ball, location: 2F 0-2: Ball 1-2: Ball 2-2: Strikes out swinging
|
| Bottom of the 3rd over - 2 runs, 1 hit, 0 errors, 1 left on base; Oakland 0 - Detroit 3 |
| TOP OF THE 4TH |
|
Oakland Athletics batting - Pitching for Detroit Tigers : RHP Bobby Mott
|
|
Batting: LHB R.J. O'Brien
|
0-0: Ball 1-0: Fly out, F9 (Flyball, 9S, EV 85.6 MPH)
|
|
Batting: SHB Jerry Luckwell
|
0-0: Swinging Strike 0-1: Ball 1-1: Swinging Strike 1-2: Ball 2-2: Strikes out swinging
|
|
Batting: LHB Sakae Kasahara
|
0-0: Ball 1-0: SINGLE (Groundball, 25, EV 73.1 MPH) (infield hit)
|
|
Batting: RHB Randy Shrewsbury
|
0-0: Ball 1-0: Ground out 4-3 (Groundball, 34S, EV 80.0 MPH)
|
| Top of the 4th over - 0 runs, 1 hit, 0 errors, 1 left on base; Oakland 0 - Detroit 3 |
| BOTTOM OF THE 4TH |
|
Detroit Tigers batting - Pitching for Oakland Athletics : RHP Hunter Vanderhyden
|
|
Batting: SHB Ross Holland
|
0-0: Ball 1-0: Ball 2-0: Called Strike 2-1: Ball 3-1: Ground out 6-3 (Groundball, 6, EV 80.0 MPH)
|
|
Batting: LHB Conrad Taylor
|
0-0: Ball 1-0: Foul Ball, location: 2F 1-1: Swinging Strike 1-2: Strikes out swinging
|
|
Batting: RHB Adrian Novakovic
|
0-0: Ball 1-0: Foul Ball, location: 2F 1-1: Fly out, F8 (Flyball, 8RS, EV 91.2 MPH)
|
| Bottom of the 4th over - 0 runs, 0 hits, 0 errors, 0 left on base; Oakland 0 - Detroit 3 |
| TOP OF THE 5TH |
|
Oakland Athletics batting - Pitching for Detroit Tigers : RHP Bobby Mott
|
|
Batting: SHB Quincy Bradford
|
0-0: Called Strike 0-1: Ball 1-1: Ground out 4-3 (Groundball, 4, EV 104.4 MPH)
|
|
Batting: LHB Tom Butterbaugh
|
0-0: Swinging Strike 0-1: Ball 1-1: Foul Ball, location: 2F 1-2: Foul Ball, location: 2F 1-2: DOUBLE (Line Drive, 89XD, EV 101.2 MPH)
|
|
Batting: RHB Tommy Baird
|
0-0: Called Strike 0-1: Ball 1-1: Hit by Pitch
|
|
Batting: LHB Al Hernandez
|
0-0: Ball 1-0: Ball Wild Pitch! Tom Butterbaugh to third Tommy Baird to second 2-0: 3-RUN HOME RUN (Flyball, 9D, EV 96.2 MPH), Distance : 362 ft
|
|
Batting: RHB Muneo Kawachi
|
0-0: Ball 1-0: Ball 2-0: DOUBLE (Flyball, 89D, EV 100.0 MPH)
|
|
Batting: LHB R.J. O'Brien
|
0-0: Swinging Strike 0-1: Fly out, F8 (Line Drive, 8RM, EV 89.4 MPH)
|
|
Batting: SHB Jerry Luckwell
|
0-0: Called Strike 0-1: Foul Ball, location: 2F 0-2: SINGLE (Line Drive, 4MD, EV 95.6 MPH) Muneo Kawachi to third Runner from 3rd tries for Home, SAFE, throw by CF to home Jerry Luckwell to second
|
|
Batting: LHB Sakae Kasahara
|
0-0: Ball 1-0: Hit by Pitch
|
|
Batting: RHB Randy Shrewsbury
|
0-0: Called Strike 0-1: Foul Ball, location: 2F 0-2: Ball 1-2: Foul Ball, location: 2F 1-2: Strikes out swinging
|
| Top of the 5th over - 4 runs, 4 hits, 0 errors, 2 left on base; Oakland 4 - Detroit 3 |
| BOTTOM OF THE 5TH |
|
Detroit Tigers batting - Pitching for Oakland Athletics : RHP Hunter Vanderhyden
|
|
Batting: RHB Jerry Jauregui
|
0-0: Foul Ball, location: 2F 0-1: Foul Ball, location: 2F 0-2: Strikes out swinging
|
|
Batting: RHB Rich Stinson
|
0-0: Foul Ball, location: 2F 0-1: Foul Ball, location: 2F 0-2: SINGLE (Line Drive, 5D, EV 95.6 MPH)
|
|
Batting: LHB Morgan Black
|
0-0: Ball 1-0: SINGLE (Line Drive, 9S, EV 110.0 MPH) Rich Stinson to second
|
|
Batting: LHB Frank McConnell
|
0-0: Ball 1-0: Ball 2-0: Called Strike 2-1: SINGLE (Line Drive, 8RS, EV 105.0 MPH) Rich Stinson to third Morgan Black to second
|
|
Batting: LHB Tyler Davis
|
0-0: Ball 1-0: Ball 2-0: Ball 3-0: Called Strike 3-1: Fly out, F5 (Popup, 5SF, EV 74.4 MPH)
|
|
Batting: SHB Adam Weber
|
0-0: Called Strike 0-1: SINGLE (Line Drive, 3D, EV 104.4 MPH) Rich Stinson scores Morgan Black to third Frank McConnell to second
|
|
Batting: SHB Ross Holland
|
0-0: Ball 1-0: Fly out, F9 (Flyball, 9S, EV 77.5 MPH)
|
| Bottom of the 5th over - 1 run, 4 hits, 0 errors, 3 left on base; Oakland 4 - Detroit 4 |
| TOP OF THE 6TH |
|
Oakland Athletics batting - Pitching for Detroit Tigers : RHP Bobby Mott
|
|
Batting: SHB Quincy Bradford
|
0-0: Swinging Strike 0-1: Ball 1-1: SOLO HOME RUN (Line Drive, 9LD, EV 95.6 MPH), Distance : 346 ft
|
|
Pitching: RHP Kevin Hockenbury
|
|
|
Batting: LHB Tom Butterbaugh
|
0-0: Ball 1-0: Called Strike 1-1: Foul Ball, location: 2F 1-2: Ball 2-2: SINGLE (Line Drive, 4D, EV 93.8 MPH)
|
|
Batting: RHB Tommy Baird
|
0-0: Called Strike 0-1: Called Strike 0-2: Ball 1-2: Ball 2-2: Ball 3-2: Foul Ball, location: 2F 3-2: Fly out, F8 (Flyball, 8RD, EV 85.6 MPH)
|
|
Batting: LHB Al Hernandez
|
0-0: Foul Ball, location: 2F 0-1: SINGLE (Groundball, 34D, EV 96.9 MPH) Tom Butterbaugh to second Runner from 2nd tries for 3rd, SAFE, throw by RF made to third
|
|
Batting: RHB Muneo Kawachi
|
0-0: Swinging Strike 0-1: Foul Ball, location: 2F 0-2: Strikes out swinging
|
|
Batting: LHB R.J. O'Brien
|
0-0: Swinging Strike 0-1: Ground out 4-3 (Groundball, 4, EV 75.6 MPH)
|
| Top of the 6th over - 1 run, 3 hits, 0 errors, 2 left on base; Oakland 5 - Detroit 4 |
| BOTTOM OF THE 6TH |
|
Detroit Tigers batting - Pitching for Oakland Athletics : RHP Hunter Vanderhyden
|
|
Batting: LHB Conrad Taylor
|
0-0: Swinging Strike 0-1: Foul Ball, location: 2F 0-2: Foul Ball, location: 2F 0-2: Ball 1-2: Strikes out swinging
|
|
Pitching: RHP George Rubio
|
|
|
Batting: RHB Adrian Novakovic
|
0-0: Ball 1-0: Foul Ball, location: 2F 1-1: Ball 2-1: Called Strike 2-2: Ball 3-2: Base on Balls
|
|
Batting: RHB Jerry Jauregui
|
0-0: Ball 1-0: SINGLE (Groundball, 4, EV 100.0 MPH) Adrian Novakovic to second Runner from 2nd tries for 3rd, OUT! 9-5
|
|
Batting: RHB Rich Stinson
|
0-0: Ball 1-0: Ball 2-0: Foul Ball, location: 2F 2-1: Ball 3-1: Foul Ball, location: 2F 3-2: Base on Balls Jerry Jauregui to second
|
|
Batting: LHB Morgan Black
|
0-0: Ball 1-0: Ball 2-0: Foul Ball, location: 2F 2-1: Ball 3-1: Base on Balls Jerry Jauregui to third Rich Stinson to second
|
|
Batting: LHB Frank McConnell
|
0-0: Ball Wild Pitch! Jerry Jauregui scores Rich Stinson to third Morgan Black to second 1-0: Ball 2-0: Ball 3-0: Called Strike 3-1: Called Strike 3-2: Ground out U3 (Groundball, 3S, EV 74.4 MPH)
|
| Bottom of the 6th over - 1 run, 1 hit, 0 errors, 2 left on base; Oakland 5 - Detroit 5 |
| TOP OF THE 7TH |
|
Oakland Athletics batting - Pitching for Detroit Tigers : RHP Kevin Hockenbury
|
|
Batting: SHB Jerry Luckwell
|
0-0: Foul Ball, location: 2F 0-1: Ball 1-1: Ball 2-1: Ground out 6-3 (Groundball, 6, EV 78.1 MPH)
|
|
Batting: LHB Sakae Kasahara
|
0-0: Ground out U3 (Groundball, 3, EV 84.4 MPH)
|
|
Batting: RHB Randy Shrewsbury
|
0-0: Called Strike 0-1: Foul Ball, location: 2F 0-2: Strikes out looking
|
| Top of the 7th over - 0 runs, 0 hits, 0 errors, 0 left on base; Oakland 5 - Detroit 5 |
| BOTTOM OF THE 7TH |
|
Detroit Tigers batting - Pitching for Oakland Athletics : RHP George Rubio
|
|
Batting: LHB Tyler Davis
|
0-0: Ball 1-0: Ball 2-0: Ground out 2-3 (Groundball, 2L, EV 70.6 MPH)
|
|
Batting: SHB Adam Weber
|
0-0: Swinging Strike 0-1: Ball 1-1: Foul Ball, location: 2F 1-2: Fly out, F8 (Flyball, 8LM, EV 85.6 MPH)
|
|
Batting: SHB Ross Holland
|
0-0: Ball 1-0: Foul Ball, location: 2F 1-1: Foul Ball, location: 2F 1-2: Strikes out looking
|
| Bottom of the 7th over - 0 runs, 0 hits, 0 errors, 0 left on base; Oakland 5 - Detroit 5 |
| TOP OF THE 8TH |
|
Oakland Athletics batting - Pitching for Detroit Tigers : RHP Kevin Hockenbury
|
|
Pitching: RHP Bobby Wright
|
|
|
Batting: SHB Quincy Bradford
|
0-0: Ball 1-0: Ball 2-0: Ball 3-0: Called Strike 3-1: Base on Balls
|
|
Batting: LHB Tom Butterbaugh
|
0-0: Called Strike 0-1: Ball 1-1: Ball 2-1: Bunted foul 2-2: Strikes out swinging
|
|
Batting: RHB Tommy Baird
|
0-0: Called Strike 0-1: Ball 1-1: Swinging Strike 1-2: Ball 2-2: Foul Ball, location: 2F 2-2: Foul Ball, location: 2F 2-2: Ball 3-2: Foul Ball, location: 2F 3-2: Base on Balls Quincy Bradford to second
|
|
Batting: LHB Al Hernandez
|
0-0: Fly out, F7 (Flyball, 7LS, EV 93.1 MPH)
|
|
Batting: RHB Muneo Kawachi
|
0-0: Ground out 4-3 (Groundball, 4, EV 86.9 MPH)
|
| Top of the 8th over - 0 runs, 0 hits, 0 errors, 2 left on base; Oakland 5 - Detroit 5 |
| BOTTOM OF THE 8TH |
|
Detroit Tigers batting - Pitching for Oakland Athletics : RHP George Rubio
|
|
Pitching: RHP Germano Nunes
|
|
|
Batting: LHB Conrad Taylor
|
0-0: Swinging Strike 0-1: Ball 1-1: SINGLE (Line Drive, 7LS, EV 106.2 MPH)
|
|
Batting: RHB Adrian Novakovic
|
0-0: SINGLE (Line Drive, 78S, EV 96.9 MPH) Conrad Taylor to second
|
|
Batting: RHB Jerry Jauregui
|
0-0: Ball Wild Pitch! Conrad Taylor to third Adrian Novakovic to second 1-0: Ball 2-0: Ball 3-0: Ground out 1-3 (Groundball, 13S, EV 66.9 MPH)
|
|
Batting: RHB Rich Stinson
|
0-0: Ball 1-0: Called Strike 1-1: Foul Ball, location: 2F 1-2: TRIPLE (Flyball, 78XD, EV 103.8 MPH) Conrad Taylor scores Adrian Novakovic scores
|
|
Batting: LHB Morgan Black
|
0-0: Intentional Walk
|
|
Batting: LHB Frank McConnell
|
0-0: Swinging Strike 0-1: Ball 1-1: Ball 2-1: Ball 3-1: Foul Ball, location: 2F 3-2: Base on Balls Morgan Black to second
|
|
Batting: LHB Tyler Davis
|
0-0: Called Strike 0-1: Ball 1-1: Ball 2-1: Ball 3-1: Base on Balls Rich Stinson scores Morgan Black to third Frank McConnell to second
|
|
Batting: SHB Adam Weber
|
0-0: Ball 1-0: Ball 2-0: Grounds into fielders choice 3-2 (Groundball, 34S, EV 81.9 MPH) Frank McConnell to third Tyler Davis to second
|
|
Batting: SHB Ross Holland
|
0-0: Ball 1-0: Fly out, F9 (Flyball, 9, EV 94.4 MPH)
|
| Bottom of the 8th over - 3 runs, 3 hits, 0 errors, 3 left on base; Oakland 5 - Detroit 8 |
| TOP OF THE 9TH |
|
Oakland Athletics batting - Pitching for Detroit Tigers : RHP Bobby Wright
|
|
Batting: LHB R.J. O'Brien
|
0-0: Ball 1-0: SINGLE (Line Drive, 5D, EV 99.4 MPH)
|
|
Batting: SHB Jerry Luckwell
|
0-0: Ball 1-0: Called Strike 1-1: Swinging Strike 1-2: Ball 2-2: Ball 3-2: Foul Ball, location: 2F 3-2: Base on Balls R.J. O'Brien to second
|
|
Batting: LHB Sakae Kasahara
|
0-0: Ball 1-0: Called Strike 1-1: Ball 2-1: Fly out, F7 (Flyball, 7S, EV 90.6 MPH)
|
|
Batting: RHB Randy Shrewsbury
|
0-0: Fly out, F9 (Flyball, 89S, EV 82.5 MPH)
|
|
Batting: SHB Quincy Bradford
|
0-0: DOUBLE (Flyball, 9LD, EV 111.2 MPH) R.J. O'Brien scores Jerry Luckwell to third
|
|
Batting: LHB Tom Butterbaugh
|
0-0: Ball 1-0: Ball 2-0: Foul Ball, location: 2F 2-1: Called Strike 2-2: Strikes out looking
|
| Top of the 9th over - 1 run, 2 hits, 0 errors, 2 left on base; Oakland 6 - Detroit 8 |
|